 Dungeon Crawl Stone Soup version 0.31-a0-229-g1fc7ce93e2 (webtiles) character file.

Game seed: 6831830081292186590

32 qw the Shooter (level 3, -4/21 HPs)
             Began as a Gargoyle Hexslinger on July 6, 2023.
             Slain by a gnoll
             ... wielding a +0 spear
              (8 damage)
             ... on level 2 of the Dungeon.
             The game lasted 00:00:24 (713 turns).

qw the Shooter (Gargoyle Hexslinger)                 Turns: 713, Time: 00:00:25

Health: -4/21      AC:  9    Str: 11    XL:     3   Next: 27%
Magic:  4/4        EV: 10    Int: 13    God:
Gold:   20         SH:  0    Dex: 14    Spells: 3/4 levels left

rFire   . . .        Y - +1 sling
rCold   . . .        (no shield)
rNeg    + . .        l - +0 ring mail
rPois   inf          (no helmet)
rElec   +            (no cloak)
rCorr   .            (no gloves)
SInv    .            f - +0 pair of boots
Will    .....        (no amulet)
Stlth   +            (no ring)
HPRegen 0.23/turn    (no ring)
MPRegen 0.09/turn

%: no passive effects
@: no status effects
A: sickness immunity, AC +3, negative energy resistance 1, electricity
resistance, torment resistance 1, petrification resistance
a: no special abilities


You were on level 2 of the Dungeon.
You visited 1 branch of the dungeon, and saw 2 of its levels.

You collected 20 gold pieces.


Innate Abilities, Weirdness & Mutations

You are immune to sickness and miasma.
Your stone body is resilient. (AC +3)
You are immune to poison.
You resist negative energy. (rN+)
You are resistant to electric shocks. (rElec)
You are resistant to unholy torment.
You are immune to petrification.


   Skills:
 - Level 2.0 Fighting
 - Level 3.1 Ranged Weapons
 + Level 0.2 Armour
 - Level 1.5 Dodging
 - Level 1.0 Spellcasting
 - Level 2.6 Hexes


You had 3 spell levels left.
You knew the following spells:

 Your Spells              Type           Power      Damage    Failure   Level
a - Slow                  Hex            28%        N/A       22%         1

Your spell library contained the following spells:

 Spells                   Type           Power      Damage    Failure   Level
 Inner Flame              Hex/Fire       4%         N/A       75%         3
 Portal Projectile        Hex/Tloc       8%         N/A       75%         3
 Cause Fear               Hex            3%         N/A       92%         4

Inventory:

Hand Weapons
 Y - a +1 sling (weapon)
Armour
 f - a +0 pair of boots (worn)
 l - a +0 ring mail (worn)
Potions
 g - a potion of mutation {unknown}

Dungeon Overview and Level Annotations

Branches:
Dungeon (2/15)

Altars:

Annotations:
D:2 exclusion: 16 gnolls


Message History

The gnoll hits you from afar with a +0 halberd.
You shoot a sling bullet. The sling bullet hits the gnoll.
The gnoll is heavily wounded.
The gnoll closely misses you.
You shoot a sling bullet.
The sling bullet hits the gnoll but does no damage.
The gnoll is heavily wounded.
The gnoll hits you from afar with a +0 halberd.
You shoot a sling bullet. The sling bullet hits the gnoll.
The gnoll is heavily wounded.
The gnoll barely misses you.
The gnoll hits you from afar with a +0 halberd.
You shoot a sling bullet.
The sling bullet barely misses the gnoll.
The gnoll hits you from afar with a +0 halberd.
You shoot a sling bullet.
The sling bullet hits the gnoll but does no damage.
The gnoll is heavily wounded.
The gnoll hits you but does no damage. The gnoll misses you.
You shoot a sling bullet.
The sling bullet hits the gnoll but does no damage.
The gnoll is heavily wounded.
The gnoll hits you from afar with a +0 halberd!
709 ||| READING scroll of teleportation.
As you read the scroll of teleportation, it crumbles to dust.
You feel strangely unstable. The gnoll hits you but does no damage.
Your surroundings suddenly seem different. 2 gnolls come into view.
Found a faded altar of an unknown god.
The eye of devastation turns its gaze towards you.
The golden eye turns its gaze towards you.
The great orb of eyes turns its gaze towards you.
The floating eye turns its gaze towards you.
The gnoll shouts!
You hear a shout!
A gnoll comes into view. It is wielding a +0 halberd.
The gnoll hits you but does no damage.
The golden eye pulsates ominously.
The gnoll hits you with a +0 spear!
You die...

### ###### #.. .....
#..###...###
#..#G#...#G#
#..###...###.
#....@..g....
#.....g_.....
#....g....... ###
#..###...###. #####..
#..#G#...#G# #.%...#
#..###...###...).#####
#.. ..... ..# #.#
.###.# #. .# .#


You could see a great orb of eyes, an eye of devastation, a floating eye, 3
gnolls and a golden eye.

Vanquished Creatures
  2 dart slugs (D:1)
  2 ball pythons (D:1)
  3 bats
  2 endoplasms (D:1)
  3 giant cockroaches (D:1)
  A hobgoblin (D:1)
  5 kobolds
  A frilled lizard (D:1)
  3 goblins (D:1)
  3 rats (D:1)
25 creatures vanquished.

Notes
Turn   | Place    | Note
-------+----------+-------------------------------------------
     0 | D:1      | qw the Gargoyle Hexslinger began the quest for the Orb.
     0 | D:1      | Reached XP level 1. HP: 12/12 MP: 2/2
     0 | D:1      | 0 ||| qw: Version: 0.3-a-46-gb1f654a
     0 | D:1      | 0 ||| qw: Game counter: 1524
     0 | D:1      | 0 ||| qw: Melee chars always use a shield: true
     0 | D:1      | 0 ||| qw: God list: Okawaru
     0 | D:1      | 0 ||| qw: Allow faded altars: false
     0 | D:1      | 0 ||| qw: Do Orc after clearing Dungeon:15 true
     0 | D:1      | 0 ||| qw: Do second Lair branch before Depths: true
     0 | D:1      | 0 ||| qw: Lair rune preference: random
     0 | D:1      | 0 ||| qw: Goals: Normal
     0 | D:1      | 0 ||| PLANNING D:1-11
    66 | D:1      | Reached XP level 2. HP: 10/16 MP: 3/3
   173 | D:1      | Reached skill level 3 in Ranged Weapons
   380 | D:1      | Reached XP level 3. HP: 16/21 MP: 4/4
   580 | D:1      | 580 ||| UPGRADING to +0 leather armour.
   590 | D:1      | 590 ||| DROPPING +0 robe.
   591 | D:1      | 591 ||| UPGRADING to +0 pair of boots.
   596 | D:1      | 596 ||| UPGRADING to +0 ring mail.
   606 | D:1      | 606 ||| DROPPING +0 leather armour.
   607 | D:1      | 607 ||| READING 2 scrolls labelled AGYEBE SUKOTUTSIA.
   611 | D:1      | 611 ||| READING scroll labelled SUIXTA XYTOREU.
   612 | D:1      | 612 ||| READING 3 scrolls labelled VAGIGI LEBURIT.
   613 | D:1      | 613 ||| READING scroll labelled IGGIKK DEIFI.
   614 | D:1      | 614 ||| READING scroll labelled HUSHAYGUECH.
   615 | D:1      | 615 ||| DROPPING scroll of poison.
   616 | D:1      | 616 ||| DROPPING 2 scrolls of noise.
   708 | D:2      | HP: 3/21 [gnoll/+0 halberd (9)]
   709 | D:2      | 709 ||| READING scroll of teleportation.
   711 | D:2      | Found a faded altar of an unknown god.
   711 | D:2      | Noticed an eye of devastation
   711 | D:2      | Noticed a golden eye
   711 | D:2      | Noticed a great orb of eyes
   711 | D:2      | Noticed a floating eye
   713 | D:2      | Slain by a gnoll

Levels and vault maps discovered:
D:1:      minmay_arrival_hallway, layout_basic, nicolae_titane
D:2:      layout_loops_ring, hellmonk_ecumenical_altar_watching_god

Skill      XL: |  1  2 |
---------------+-------+-----
Ranged Weapons | 3 |  3.1
Fighting       | 2 |  2.0
Armour         | |  0.2
Dodging        | |  1.5
Spellcasting   | |  1.0
Hexes          | |  2.6

Action                     || total
---------------------------++-------
   Fire: Sling             ||    98
    Use: Scroll            ||     6
 Armour: Robe              ||    17
         Ring mail         ||     3
  Dodge: Dodged            ||    46

Table legend:
 A = Non-vault XP
 B = Vault XP
 C = Vault XP percentage of total XP
 D = Non-vault monster count
 E = Vault monster count
 F = Vault count percentage of total count
                 A         B        C        D         E       F
            +---------+---------+-------+---------+---------+-------
      Total |      47 |       0 |   0.0 |      25 |       0 |   0.0
            +---------+---------+-------+---------+---------+-------
        D:1 |      44 |       0 |   0.0 |      23 |       0 |   0.0
        D:2 |       3 |       0 |   0.0 |       2 |       0 |   0.0
            +---------+---------+-------+---------+---------+-------
